 Dungeon Crawl Stone Soup version 0.17-a0-1842-gacc33f2 (webtiles) character file.

973 George the Carver (level 7, -2/50 HPs)
             Began as a Demonspawn Gladiator on Sept 17, 2015.
             Slain by an ogre
             ... wielding a +0 giant spiked club
              (12 damage)
             ... on level 5 of the Dungeon.
             The game lasted 00:12:33 (5192 turns).

George the Carver (Demonspawn Gladiator)            Turns: 5192, Time: 00:12:33

Health: -2/50      AC: 12    Str: 17    XL:     7   Next: 94%
Magic:  7/7        EV:  7    Int: 10    God:
Gold:   247        SH:  0    Dex: 13    Spells: 0 memorised, 6 levels left

rFire  . . .     SeeInvis .     L - +2 falchion (freeze)
rCold  . . .     Clarity  .     A - +0 chain mail
rNeg   . . .     SustAt   .     (no shield)
rPois  +         Gourm    +     (helmet restricted)
rElec  .         Spirit   .     x - +1 cloak
rCorr  .         Warding  .     (no gloves)
rMut   .         Stasis   .     (no boots)
MR     .....                    u - amulet of the gourmand
Stlth  ..........               (no ring)
                                m - ring of poison resistance

@: not resistant to hostile enchantments, extremely unstealthy
A: horns 2, yellow scales 1
a: no special abilities


You were on level 5 of the Dungeon.
You were full.

You visited 1 branch of the dungeon, and saw 5 of its levels.
You also visited: Sewer.

You collected 247 gold pieces.

Inventory:

Hand weapons
 a - a +0 long sword
 L - a +2 falchion of freezing (weapon)
Missiles
 d - 4 throwing nets (quivered)
 v - 7 javelins
 B - 5 tomahawks
Armour
 x - a +1 cloak (worn)
 A - a +0 chain mail (worn)
Jewellery
 k - an uncursed amulet of faith
 m - a ring of poison resistance (left hand)
 n - an uncursed amulet of stasis
 u - an amulet of the gourmand (around neck)
Scrolls
 f - a scroll of enchant armour
 j - 2 scrolls of teleportation
 E - a scroll of fog
 K - 2 scrolls of remove curse
 M - a scroll of fear {unknown}
Potions
 g - a potion of might {unknown}
 h - 2 potions of curing
 i - 3 potions of heal wounds
 l - a potion of invisibility {unknown}
 p - 3 potions of brilliance {unknown}
 G - 5 potions of flight
 H - 2 potions of poison {unknown}
 I - a potion of agility {unknown}
Comestibles
 e - 5 bread rations
 o - 2 beef jerkies
 z - 3 meat rations


   Skills:
 - Level 2.0 Fighting
 + Level 8.9 Long Blades
 - Level 1.7 Throwing
 - Level 2.6 Dodging


You had 6 spell levels left.
You didn't know any spells.

Dungeon Overview and Level Annotations

Branches:
Dungeon (5/15)
 Temple: D:4-7

Altars:
Qazlal

Annotations:
D:5 Blork the orc, Eustachio


Innate Abilities, Weirdness & Mutations

You have a pair of horns on your head.
You are partially covered in yellow scales (AC +2).


Message History

Eustachio mumbles some strange words.
There is an open door here.
You hit the ogre. You freeze the ogre. You headbutt the ogre.
The ogre is moderately wounded.
The ogre hits you with a giant spiked club!!
You hit the ogre. You freeze the ogre.
The ogre is moderately wounded.
You hit the ogre but do no damage.
The ogre is moderately wounded.
The ogre hits you with a giant spiked club!!
* * * LOW HITPOINT WARNING * * *
You hit the ogre. You freeze the ogre.
The ogre is heavily wounded.
The ogre hits you but does no damage.
You barely miss the ogre. Your headbutt misses the ogre.
The ogre is heavily wounded.
You barely miss the ogre.
The ogre is heavily wounded.
The ogre hits you with a giant spiked club!
You die...

#.....########.####.#.##.######
+......................[.......
###..........# #.####............
...........#.# #.##......########
........##.#.###.##......########
.............(....'......+.......
.............###.##......#######.
.............# #.##......# #.
..........รท.## #@##......# ##
........@...####O##......#### #
...............#r##.........# #
######....r.O..'@##.........# #
#.........####.........# #
#.........# #.........# #
#[........####.........# #
#.........#............# #
#.........#....#####...# #


You could see Eustachio, an ogre and a river rat.

Vanquished Creatures
  Sigmund (D:4)
  An ice beast (D:4)
  2 phantoms (D:4)
  2 scorpions
  2 hounds (D:4)
  A giant frog skeleton (D:4)
  3 iguanas
  An orc wizard (D:4)
  2 worker ants
  A hound skeleton (D:4)
  6 adders
  5 oozes (Sewer)
  7 worms
  10 giant geckos
  14 orcs
  3 ball pythons
  9 hobgoblins
  4 jackals (Sewer)
  7 kobolds
  A quokka (D:3)
  A ball python skeleton (D:4)
  13 bats
  5 giant cockroaches
  4 giant newts
  11 goblins
  10 rats
126 creatures vanquished.

Notes
Turn   | Place    | Note
--------------------------------------------------------------
     0 | D:1      | George the Demonspawn Gladiator began the quest for the Orb.
     0 | D:1      | Reached XP level 1. HP: 16/16 MP: 1/1
    61 | D:1      | Reached skill level 3 in Long Blades
   387 | D:1      | Gained mutation: You have a pair of small horns on your head. [demonic ancestry]
   387 | D:1      | Reached XP level 2. HP: 22/22 MP: 2/2
   959 | D:2      | Gained mutation: You have a pair of horns on your head. [demonic ancestry]
   959 | D:2      | Reached XP level 3. HP: 24/27 MP: 3/3
  1038 | D:2      | Reached skill level 4 in Long Blades
  1831 | D:3      | Reached XP level 4. HP: 33/33 MP: 4/4
  2639 | D:4      | Noticed a phantom
  2665 | D:4      | Killed a phantom
  2665 | D:4      | Reached skill level 5 in Long Blades
  2665 | D:4      | Reached XP level 5. HP: 26/38 MP: 5/5
  2670 | D:4      | Found a stormy altar of Qazlal.
  2770 | D:4      | Noticed a phantom
  2796 | D:4      | Reached skill level 6 in Long Blades
  2796 | D:4      | Gained mutation: You are partially covered in yellow scales (AC +2). [demonic ancestry]
  2796 | D:4      | Reached XP level 6. HP: 22/44 MP: 6/6
  2811 | D:4      | Killed a phantom
  3040 | D:4      | Reached skill level 7 in Long Blades
  3175 | D:4      | Reached XP level 7. HP: 50/50 MP: 7/7
  3249 | D:4      | Found a glowing drain.
  3259 | Sewer    | Entered a sewer
  4307 | D:4      | Noticed Sigmund
  4314 | D:4      | Killed Sigmund
  4314 | D:4      | Reached skill level 8 in Long Blades
  4815 | D:5      | Entered Level 5 of the Dungeon
  4933 | D:5      | Noticed Blork the orc
  5164 | D:5      | Noticed Eustachio
  5192 | D:5      | Slain by an ogre

Vault maps used:
D:1:      scummos_arrival_simple_fountains, minmay_misc_feat_roman
D:4:      kennysheep_little_box, portal_sewer_entry_d, first_bread, uniq_sigmund
D:5:      cheibriados_altar_wand_db, roderic_chinese_pattern_swastika,
          uniq_blork_the_orc, uniq_crazy_yiuf_cottage, uniq_eustachio
Sewer:    sewer_fruit_machine

Action                   |  1- 3 |  4- 6 |  7- 9 || total
-------------------------+-------+-------+-------++-------
Melee: Long sword        |   102 |   166 |   118 ||   386
       Falchion          |       |       |    17 ||    17
  Use: Scroll            |       |     6 |     6 ||    12
  Eat: Chunk             |     3 |    10 |     7 ||    20
